 Dungeon Crawl Stone Soup version 0.29.0-4-gdea44cf6ec (webtiles) character file.

Game seed: 17568732283522676448

35 qw the Chopper (level 3, -3/21 HPs)
             Began as a Tengu Warper on Aug 28, 2022.
             Slain by Terence
             ... wielding a +0 flail
              (13 damage)
             ... on level 2 of the Dungeon.
             The game lasted 00:00:06 (1438 turns).

qw the Chopper (Tengu Warper)                       Turns: 1438, Time: 00:00:07

Health: -3/21      AC:  5    Str: 13    XL:     3   Next: 35%
Magic:  7/7        EV: 11    Int: 13    God:
Gold:   56         SH:  0    Dex: 13    Spells: 6/6 levels left

rFire   . . .      SeeInvis .   Y - +1 hand axe
rCold   . . .      Faith    .   (no shield)
rNeg    . . .      Spirit   .   j - +0 ring mail
rPois   .          Reflect  .   (helmet restricted)
rElec   .          Harm     .   (no cloak)
rCorr   .          Rampage  .   (no gloves)
Will    .....                   (boots unavailable)
Stlth   +.........              (no amulet)
HPRegen 0.07/turn               (no ring)
MPRegen 0.10/turn               (no ring)

@: no status effects
A: beak, talons 3
a: no special abilities


You were on level 2 of the Dungeon.
You visited 1 branch of the dungeon, and saw 2 of its levels.

You collected 56 gold pieces.


Innate Abilities, Weirdness & Mutations

You have a beak for a mouth.
You have claws for feet.


   Skills:
 - Level 2.0 Fighting
 + Level 4.1 Axes
 - Level 1.0 Throwing
 - Level 1.1 Armour
 - Level 2.1 Dodging
 - Level 2.0 Spellcasting
 - Level 2.4 Translocations


You had 6 spell levels left.
You didn't know any spells.
Your spell library contained the following spells:

 Spells                   Type           Power      Damage    Failure   Level
 Blink                    Tloc           14%        N/A       30%         2
 Gell's Gravitas          Tloc           7%         N/A       52%         3
 Lesser Beckoning         Tloc           7%         N/A       52%         3
 Teleport Other           Tloc           7%         N/A       52%         3
 Manifold Assault         Tloc           7%         N/A       99%         5

Inventory:

Hand Weapons
 e - a +0 mace
 Y - a +1 hand axe (weapon)
Armour
 j - a +0 ring mail (worn)

Dungeon Overview and Level Annotations

Branches:
Dungeon (2/15)

Altars:

Annotations:
D:2 Terence


Message History

Done exploring.
(D) Dungeon
Where to? (* - list waypoints, ? - help)
What level of the Dungeon? (default 1, ? - help)
There is an open door here.
Things that are here:
a +0 club; 5 stones
There is a stone staircase leading down here.
You climb downwards.
The goblin shouts!
The hobgoblin shouts!
You hear a shout!
Found a viscous red potion, 3 atropa-tipped darts and a cloak.
There is a stone staircase leading up here.
There are monsters nearby!
Existing waypoints: (2) D:1 Assign waypoint to what number? (0-9, D - delete waypoint) Waypoint 1 assigned to D:2.
Terence the Incautious comes into view.
He is wielding a +0 flail.
1433 ||| STAIRDANCE The goblin closely misses you.
You climb upwards.
There is a stone staircase leading down here.
You slash the goblin!
You kill the goblin!
Done exploring.
(D) Dungeon
Where to? (* - list waypoints, Enter - D:2, ? - help)
What level of the Dungeon? (default 1, ? - help)
You climb downwards.
Level annotation: Terence The adder hisses angrily.
The hobgoblin barely misses you.
Terence drinks a potion.
Terence goes berserk!
There is a stone staircase leading up here.
There are monsters nearby!
1438 ||| STAIRDANCE Terence hits you with a +0 flail!
The hobgoblin hits you.
The hobgoblin hits you but does no damage.
Terence hits you with a +0 flail!
Ouch! That really hurt!
You die...

... ... #..
# #.### #.#
#.[.###.# #
.. #......
....#.#ggS#
..!....@..#
....##.@..#
. #.(..#
#...##
#####


You could see Terence (berserk), an adder and 2 hobgoblins.

Vanquished Creatures
  3 dart slugs (D:1)
  4 ball pythons (D:1)
  3 endoplasms (D:1)
  A giant cockroach (D:1)
  3 goblins (D:1)
  4 hobgoblins (D:1)
  2 bats (D:1)
  2 frilled lizards (D:1)
  4 kobolds (D:1)
26 creatures vanquished.

Vanquished Creatures (others)
  A withered plant (D:1)
1 creature vanquished.

Grand Total: 27 creatures vanquished

Notes
Turn   | Place    | Note
-------+----------+-------------------------------------------
     0 | D:1      | qw the Tengu Warper began the quest for the Orb.
     0 | D:1      | Reached XP level 1. HP: 12/12 MP: 4/4
     0 | D:1      | 0 ||| qw: Version: 0.1-a-89-g26bdef1
     0 | D:1      | 0 ||| qw: Game counter: 3385
     0 | D:1      | 0 ||| qw: Always use a shield: true
     0 | D:1      | 0 ||| qw: God list: Okawaru
     0 | D:1      | 0 ||| qw: Allow faded altars: false
     0 | D:1      | 0 ||| qw: Do Orc after D:15 true
     0 | D:1      | 0 ||| qw: Do second Lair branch before Depths: true
     0 | D:1      | 0 ||| qw: Lair rune preference: random
     0 | D:1      | 0 ||| qw: Plans: Normal
     0 | D:1      | 0 ||| PLANNING D:1-11
    88 | D:1      | Reached XP level 2. HP: 6/17 MP: 6/6
   313 | D:1      | Reached skill level 3 in Axes
   597 | D:1      | Found a faded altar of an unknown god.
   702 | D:1      | Reached XP level 3. HP: 10/21 MP: 7/7
  1137 | D:1      | Reached skill level 4 in Axes
  1270 | D:1      | 1270 ||| UPGRADING to +3 leather armour.
  1280 | D:1      | 1280 ||| DROPPING +0 leather armour.
  1281 | D:1      | 1281 ||| UPGRADING to +0 ring mail.
  1291 | D:1      | 1291 ||| DROPPING +3 leather armour.
  1292 | D:1      | 1292 ||| DROPPING ring of magical power.
  1293 | D:1      | 1293 ||| READING scroll labelled REABIN QIMOINI.
  1409 | D:1      | 1409 ||| READING scroll labelled MASOCL GAS JEI.
  1410 | D:1      | 1410 ||| READING scroll labelled NIAZAP BAVE.
  1411 | D:1      | 1411 ||| READING scroll labelled PEOREI URPHOALL.
  1412 | D:1      | 1412 ||| READING scroll labelled PAPARU TOEBYU.
  1415 | D:1      | 1415 ||| DROPPING scroll of blinking.
  1432 | D:2      | Noticed Terence
  1433 | D:2      | 1433 ||| STAIRDANCE
  1438 | D:2      | 1438 ||| STAIRDANCE
  1438 | D:2      | Slain by Terence

Levels and vault maps discovered:
D:1:      psy_arrival_statuary, layout_loops_ring,
          ebering_ecumenical_altar_petrified
D:2:      layout_basic, uniq_jessica, uniq_terence

Skill      XL: |  1  2  3 |
---------------+----------+-----
Axes           | 3 4 |  4.1
Fighting       | |  2.0
Throwing       | |  1.0
Armour         | |  1.1
Dodging        | |  2.1
Spellcasting   | |  2.0
Translocations | |  2.4

Action                   || total
-------------------------++-------
Melee: Hand axe          ||    51
       Kick              ||     9
       Peck              ||     6
Throw: Boomerang         ||     7
  Use: Scroll            ||     5
Armor: Leather armour    ||    13
       Ring mail         ||     1
Dodge: Dodged            ||    30

Table legend:
 A = Non-vault XP
 B = Vault XP
 C = Vault XP percentage of total XP
 D = Non-vault monster count
 E = Vault monster count
 F = Vault count percentage of total count
                 A         B        C        D         E       F
            +---------+---------+-------+---------+---------+-------
      Total |      51 |       0 |   0.0 |      26 |       0 |   0.0
            +---------+---------+-------+---------+---------+-------
        D:1 |      51 |       0 |   0.0 |      26 |       0 |   0.0
            +---------+---------+-------+---------+---------+-------
